 Dungeon Crawl Stone Soup version 0.29.1-1-gd02db6906a (webtiles) character file.

Game seed: 679987131069740276

49 Marcotte the Covered (level 4, -7/35 HPs)
             Began as a Human Fighter on Sept 16, 2022.
             Mangled by a gnoll
             ... wielding a +0 flail
              (9 damage)
             ... on level 2 of the Dungeon on Sept 19, 2022.
             The game lasted 00:02:40 (1597 turns).

Marcotte the Covered (Human Fighter)                Turns: 1597, Time: 00:02:41

Health: -7/35      AC:  8    Str: 18    XL:     4   Next: 2%
Magic:  4/4        EV:  9    Int:  8    God:
Gold:   54         SH:  4    Dex: 13    Spells: 3/3 levels left

rFire   x . .      SeeInvis .   a - +0 long sword
rCold   + . .      Faith    .   c - +0 buckler
rNeg    . . .      Spirit   .   b - +0 scale mail
rPois   .          Reflect  .   (no helmet)
rElec   .          Harm     .   (no cloak)
rCorr   .          Rampage  .   g - +0 pair of gloves
Will    .....                   (no boots)
Stlth   ..........              (no amulet)
HPRegen 0.11/turn               e - ring of ice
MPRegen 0.09/turn               (no ring)

@: no status effects
A: no striking features
a: no special abilities


You were on level 2 of the Dungeon.
You visited 1 branch of the dungeon, and saw 2 of its levels.

You collected 54 gold pieces.

Inventory:

Hand Weapons
 a - a +0 long sword (weapon)
Armour
 b - a +0 scale mail (worn)
 c - a +0 buckler (worn)
 g - a +0 pair of gloves (worn)
Jewellery
 e - a ring of ice (left hand)
Scrolls
 i - a scroll of identify
Potions
 d - a potion of might
 f - 2 potions of flight
 h - a potion of curing {unknown}
 j - a potion of brilliance {unknown}
 k - a potion of degeneration {unknown}
 l - a potion of heal wounds {unknown}


   Skills:
 + Level 3.3 Fighting
 + Level 2.5 Long Blades
 + Level 3.6 Armour
 + Level 0.2 Dodging
 + Level 3.3 Shields


You had 3 spell levels left.
You didn't know any spells.
Your spell library was empty.

Dungeon Overview and Level Annotations

Branches:
Dungeon (2/15)

Altars:


Message History

Found a wooden wand.
A gnoll comes into view. It is wielding a +0 flail.
The gnoll closely misses you.
You barely miss the gnoll. The gnoll hits you but does no damage.
The gnoll hits you with a +0 club.
You hit the gnoll but do no damage. The gnoll barely misses you.
You hit the gnoll.
The gnoll is moderately wounded.
You block the gnoll's attack.
You hit the gnoll but do no damage.
The gnoll is moderately wounded.
The gnoll closely misses you. The gnoll barely misses you.
The gnoll hits you with a +0 flail.
You slash the gnoll!
The gnoll is almost dead.
The gnoll barely misses you. The gnoll hits you but does no damage.
You closely miss the gnoll.
The gnoll is almost dead.
The gnoll barely misses you. The gnoll closely misses you.
You hit the gnoll.
You kill the gnoll!
The gnoll misses you. The gnoll hits you with a +0 flail!
You have reached level 4!
You feel agile.
You hit the gnoll.
The gnoll is lightly wounded.
The gnoll hits you with a +0 flail.
You slash the gnoll!
The gnoll is severely wounded.
The gnoll hits you with a +0 flail.
* * * LOW HITPOINT WARNING * * *
You closely miss the gnoll.
The gnoll is severely wounded.
The gnoll hits you with a +0 flail!
* * * LOW HITPOINT WARNING * * *
You block the gnoll's attack.
You barely miss the gnoll.
The gnoll is severely wounded.
The gnoll hits you with a +0 flail!
You die...

.. #.# ##.## #...# # #
###...###.# #
#.......#.# #
#.......... #
#.......###.##.
##########.#....@)......
........##.#...#[g...#..
#######.#...###.........
#[................
###(..###.......##
..#.## ###....... ##.#.#
./.#### #.#.. .....
#...## ####


You could see a gnoll.

Vanquished Creatures
  A gnoll (D:2)
  2 worms (D:2)
  A dart slug (D:2)
  4 bats
  3 endoplasms
  6 goblins (D:1)
  A hobgoblin (D:2)
  3 quokkas
  4 frilled lizards
  6 kobolds
31 creatures vanquished.

Notes
Turn   | Place    | Note
-------+----------+-------------------------------------------
     0 | D:1      | Marcotte the Human Fighter began the quest for the Orb.
     0 | D:1      | Reached XP level 1. HP: 18/18 MP: 1/1
   347 | D:1      | Reached XP level 2. HP: 18/24 MP: 2/2
   753 | D:1      | Reached XP level 3. HP: 29/29 MP: 3/3
  1432 | D:2      | Found a faded altar of an unknown god.
  1594 | D:2      | Reached XP level 4. HP: 15/35 MP: 4/4
  1597 | D:2      | Mangled by a gnoll

Illustrated notes

Levels and vault maps discovered:
D:1:      nicolae_arrival_washed_ashore, layout_basic
D:2:      layout_loops_ring, chequers_ecumenical_altar_simple,
          minmay_fractal_squares_5

Action                   |  1- 3 |  4- 6 || total
-------------------------+-------+-------++-------
Melee: Long sword        |    96 |     4 ||   100
  Use: Scroll            |     1 |       ||     1
Armor: Scale mail        |    49 |       ||    49
Dodge: Dodged            |    52 |       ||    52
Block: Buckler           |    31 |     1 ||    32
